 Dungeon Sprint DCSS version 0.22.1-2-g9c5b331383 (webtiles) character file.

14514 Groucho the Severer (level 11, -8/88 HPs)
             Began as a Deep Dwarf Fighter on Nov 16, 2018.
             Was the Champion of Makhleb.
             Mangled by an orc knight
             ... wielding a +1 long sword
              (10 damage)
             ... in the Dungeon (Sprint VII: "The Pits").
             The game lasted 00:12:25 (3287 turns).

Groucho the Severer (Deep Dwarf Fighter)            Turns: 3287, Time: 00:12:26

Health: -8/88      AC: 24    Str: 27    XL:     11   Next: 89%
Magic:  20/21      EV: 11    Int:  8    God:    Makhleb [******]
Gold:   26         SH: 15    Dex: 12    Spells: 10/10 levels left

rFire    . . .     SeeInvis .   w - +2 war axe (freeze)
rCold    . . .     Gourm    .   c - +0 shield
rNeg     . . .     Faith    .   x - +3 plate armour
rPois    +         Spirit   .   y - +0 helmet
rElec    .         Reflect  .   k - +1 cloak {rPois}
rCorr    .         Harm     .   (no gloves)
MR       +....     NoTele   +   (no boots)
Stlth    ..........             (no amulet)
HPRegen  0.00/turn              s - +3 ring of strength
MPRegen  0.17/turn              t - +3 ring of evasion

@: non-regenerating
A: damage resistance, heal wounds, sense surroundings 2, no regeneration
a: Heal Wounds, Minor Destruction, Lesser Servant of Makhleb, Major Destruction,
Greater Servant of Makhleb, Renounce Religion


You were in the Dungeon.
You worshipped Makhleb.
Makhleb was exalted by your worship.
You were not hungry.

You visited 1 branch You collected 26 gold pieces.

Inventory:

Hand Weapons
 q - a +2 mace
 w - a +2 war axe of freezing (weapon)
Missiles
 p - 10 stones (quivered)
Armour
 c - a +0 shield (worn)
 k - a +1 cloak of poison resistance (worn)
 x - a +3 plate armour (worn)
 y - a +0 helmet (worn)
Jewellery
 s - a +3 ring of strength (left hand)
 t - a +3 ring of evasion (right hand)
 z - an uncursed ring of ice
 B - an uncursed ring of fire
Wands
 b - a wand of disintegration (8)
Scrolls
 m - 7 scrolls of remove curse
 n - 5 scrolls of amnesia
 o - a scroll of summoning
 r - a scroll of fog
 A - 3 scrolls of enchant armour
 D - a scroll of blinking
 E - 2 scrolls of enchant weapon
 F - a scroll of fear
Potions
 a - a potion of brilliance
 d - a potion of might
 e - 6 potions of curing
 g - 5 potions of heal wounds
 h - 2 potions of haste
 i - 4 potions of magic
 j - 6 potions of berserk rage
 l - 2 potions of invisibility
 u - 2 potions of agility
 v - a potion of resistance
 C - a potion of ambrosia
Comestibles
 f - 8 rations
 G - 4 chunks of flesh


   Skills:
 - Level 2.6 Fighting
 - Level 19.0 Axes
 + Level 16.2 Armour
 + Level 16.2 Shields
 * Level 13.7 Invocations


You had 10 spell levels left.
You didn't know any spells.
Your spell library was empty.

Dungeon Overview and Level Annotations

Branches:
Dungeon (1/1)

Altars:
Ashenzari
Cheibriados
Dithmenos
Elyvilon
Fedhas
Gozag
Hepliaklqana
Kikubaaqudgha
Makhleb
Nemelex Xobeh
Okawaru
Qazlal
Ru
Sif Muna
Trog
Uskayaw
Vehumet
Wu Jian
Xom
Yredelemnul
Zin
The Shining One
Beogh
Jiyva
Lugonu


Innate Abilities, Weirdness & Mutations

You are resistant to damage.
You can heal yourself by infusing magical energy.
You passively map the area around you.
You do not regenerate.


Message History

Makhleb accepts your kill.
Your blizzard demon hits the orc knight!
Your blizzard demon hits the orc knight.
Unknown command.
The deep elf knight shouts!
You slash the orc knight! You freeze the orc knight.
The orc knight is severely wounded.
You slash the orc warlord! You freeze the orc warlord.
The orc knight hits your cacodemon with a long sword!!
Unknown command.
Unknown command.
You hit the orc knight. You freeze the orc knight.
The orc knight is severely wounded.
You hit the orc warlord but do no damage.
The orc warlord hits you with a halberd of chopping!!
* * * LOW HITPOINT WARNING * * *
x2 Your cacodemon gestures at the orc knight.
The orc knight seems to slow down.
The orc knight hits you with an enchanted long sword!
You die...

++ , , ,, , + ,, * , + * * ** * *
*
#++##############################
#....................)...........
#......).........................
#..##############''##############
#..#, , #......#, * , # #..# , ,
+ #.@2...#* , # #..# , ,*
,#.oo2..# ,, # #..# , ,,,
###oo### , , # #).# + , ,


.oo.N ,, ,, + ,# #..# , , ,,Z...e. * * # #..#,, ,** #....### ,, # ...# , *
#....# , ...# , *..## , * #### * * * * * You could see an orc warlord, a naga
warrior, 5 orc knights, a deep elf knight, a friendly cacodemon and a friendly
blizzard demon.

Vanquished Creatures
  A nagaraja (D)
  An eidolon (D)
  An alligator (D)
  A sixfirhy (D)
  A spriggan druid (D)
  A flayed ghost (D)
  A swamp dragon (D)
  A cyclops (D)
  A manticore (D)
  Maurice (D)
  3 smoke demons (D)
  A rust devil (D)
  A gargoyle (D)
  A komodo dragon (D)
  A freezing wraith (D)
  A red devil (D)
  A jumping spider (D)
  A merfolk (D)
  An ice devil (D)
  A troll (D)
  A tyrant leech (D)
  2 hornets (D)
  3 slime creatures (D)
  A flying skull (D)
  An air elemental (D)
  2 spriggans (D)
  A vampire (D)
  6 yaks (D)
  2 ynoxinuls (D)
  A fire bat (D)
  A neqoxec (D)
  A basilisk (D)
  A steam dragon (D)
  2 soldier ants (D)
  An acid dragon (D)
  A floating eye (D)
  Purgy (D)
  A sky beast (D)
  A necrophage (D)
  A crocodile (D)
  2 centaurs (D)
  3 orc priests (D)
  An iron imp (D)
  3 orc wizards (D)
  A hell rat (D)
  2 gnolls (D)
  An adder (D)
  A river rat (D)
  2 worms (D)
  A leopard gecko (D)
  3 orcs (D)
  A bat skeleton (D)
  A giant cockroach (D)
  A goblin (D)
  3 jackals (D)
  A quokka (D)
  2 ball pythons (D)
  2 bats (D)
  A rat (D)
85 creatures vanquished.

Vanquished Creatures (collateral kills)
  An orc warlord (D)
  2 orc knights (D)
  A centaur (D)
  An earth elemental (D)
5 creatures vanquished.

Grand Total: 90 creatures vanquished

Notes
Turn   | Place    | Note
-------+----------+-------------------------------------------
     0 | D        | Groucho the Deep Dwarf Fighter began the quest for the Orb.
     0 | D        | Reached XP level 1. HP: 20/20 MP: 1/1
    16 | D        | Reached skill level 3 in Axes
    16 | D        | Reached XP level 2. HP: 21/27 MP: 2/2
    47 | D        | Found a bloodstained altar of Trog.
    47 | D        | Found a deep blue altar of Sif Muna.
    47 | D        | Found a viscous altar of Jiyva.
    47 | D        | Found a hazy altar of Hepliaklqana.
    47 | D        | Found an opulent altar of Gozag.
    48 | D        | Found a glowing golden altar of the Shining One.
    48 | D        | Found a glowing silver altar of Zin.
    48 | D        | Found a basalt altar of Yredelemnul.
    48 | D        | Found a shimmering altar of Xom.
    48 | D        | Found an ornate altar of the Wu Jian Council.
    48 | D        | Found a sacrificial altar of Ru.
    48 | D        | Found a stormy altar of Qazlal.
    48 | D        | Found an iron altar of Okawaru.
    48 | D        | Found a sparkling altar of Nemelex Xobeh.
    48 | D        | Found a burning altar of Makhleb.
    48 | D        | Found a blossoming altar of Fedhas.
    48 | D        | Found a white marble altar of Elyvilon.
    48 | D        | Found a shadowy altar of Dithmenos.
    48 | D        | Found a snail-covered altar of Cheibriados.
    51 | D        | Found a corrupted altar of Lugonu.
    51 | D        | Found a radiant altar of Vehumet.
    51 | D        | Found a roughly hewn altar of Beogh.
    52 | D        | Found an ancient bone altar of Kikubaaqudgha.
    52 | D        | Found a hide-covered altar of Uskayaw.
    52 | D        | Found a shattered altar of Ashenzari.
    64 | D        | Became a worshipper of Makhleb the Destroyer
    85 | D        | Reached skill level 4 in Axes
    98 | D        | Reached * piety under Makhleb
   171 | D        | Reached ** piety under Makhleb
   171 | D        | Reached skill level 5 in Axes
   178 | D        | Reached XP level 3. HP: 23/33 MP: 3/3
   817 | D        | Noticed a fire bat
   817 | D        | Noticed a centaur
   817 | D        | Noticed Purgy
   820 | D        | Noticed a flying skull
   840 | D        | Killed a centaur
   840 | D        | Reached skill level 7 in Axes
   840 | D        | Reached XP level 4. HP: 25/40 MP: 4/4
   850 | D        | Reached *** piety under Makhleb
   850 | D        | Reached skill level 8 in Axes
   850 | D        | Reached XP level 5. HP: 33/46 MP: 5/5
   855 | D        | Noticed a necrophage
   860 | D        | Killed Purgy
   860 | D        | Reached skill level 9 in Axes
   889 | D        | Killed a flying skull
   889 | D        | Reached skill level 11 in Axes
   889 | D        | Reached XP level 6. HP: 32/55 MP: 6/6
  1057 | D        | Killed a fire bat
  1057 | D        | Reached **** piety under Makhleb
  1057 | D        | Reached skill level 12 in Axes
  1057 | D        | Reached XP level 7. HP: 35/60 MP: 7/7
  1097 | D        | Noticed a smoke demon
  1106 | D        | Killed a smoke demon
  1106 | D        | Reached skill level 13 in Axes
  1106 | D        | Reached skill level 10 in Armour
  1106 | D        | Reached skill level 10 in Shields
  1128 | D        | Reached XP level 8. HP: 53/68 MP: 8/8
  1130 | D        | Reached ***** piety under Makhleb
  1440 | D        | Paralysed by a floating eye for 2 turns
  1448 | D        | Paralysed by a floating eye for 3 turns
  1649 | D        | Noticed a komodo dragon
  1649 | D        | Noticed a rust devil
  1659 | D        | Killed a komodo dragon
  1659 | D        | Reached skill level 14 in Axes
  1690 | D        | Killed a rust devil
  2086 | D        | Noticed a hornet
  2086 | D        | Noticed a tyrant leech
  2086 | D        | Noticed a manticore
  2170 | D        | Reached skill level 15 in Axes
  2170 | D        | Gained mutation: You passively map the area around you.
                  | [Deep Dwarf growth]
  2170 | D        | Reached XP level 9. HP: 46/74 MP: 9/9
  2179 | D        | Killed a manticore
  2180 | D        | Paralysed by a hornet for 2 turns
  2205 | D        | Killed a tyrant leech
  2205 | D        | Reached skill level 16 in Axes
  2250 | D        | Reached ****** piety under Makhleb
  2279 | D        | Noticed Maurice
  2304 | D        | Killed Maurice
  2304 | D        | Reached skill level 17 in Axes
  2304 | D        | Reached XP level 10. HP: 79/81 MP: 10/10
  2450 | D        | Noticed a swamp dragon
  2462 | D        | Killed a swamp dragon
  2533 | D        | Noticed a sixfirhy
  2545 | D        | Killed a sixfirhy
  2545 | D        | Reached skill level 18 in Axes
  2571 | D        | Noticed a flayed ghost
  2587 | D        | Noticed a spriggan druid
  2588 | D        | Killed a flayed ghost
  2592 | D        | Killed a spriggan druid
  2620 | D        | Noticed a gargoyle
  2634 | D        | Killed a gargoyle
  2639 | D        | Reached skill level 19 in Axes
  2658 | D        | Noticed a cyclops
  2676 | D        | Reached XP level 11. HP: 88/88 MP: 10/13
  2696 | D        | HP: 2/88 [large slime creature (29)]
  2700 | D        | Reached skill level 5 in Invocations
  2726 | D        | Reached skill level 15 in Armour
  2726 | D        | Reached skill level 15 in Shields
  2872 | D        | Found the +3 sling "Punk" {acid, rCorr}
  3010 | D        | Noticed a nagaraja
  3027 | D        | Killed a nagaraja
  3027 | D        | Reached skill level 10 in Invocations
  3059 | D        | Noticed an alligator
  3073 | D        | Killed an alligator
  3137 | D        | Noticed an eidolon
  3160 | D        | Killed an eidolon
  3274 | D        | Noticed an orc knight
  3274 | D        | Noticed an orc knight
  3274 | D        | Noticed an orc knight
  3274 | D        | Noticed an orc knight
  3275 | D        | Noticed an orc warlord
  3275 | D        | Noticed an orc warlord
  3275 | D        | Noticed an orc knight
  3275 | D        | Noticed an orc knight
  3278 | D        | Noticed a deep elf knight
  3281 | D        | Killed an orc knight
  3281 | D        | Noticed an orc knight
  3281 | D        | Noticed an orc knight
  3282 | D        | Noticed a naga warrior
  3282 | D        | Killed an orc warlord
  3285 | D        | Noticed a deep elf knight
  3285 | D        | Killed an orc knight
  3287 | D        | HP: 2/88 [orc warlord/halberd of chopping (3)]
  3287 | D        | Mangled by an orc knight

Skill      XL: |  1  2  3  4  5  6  7  8  9 10 11 |
---------------+----------------------------------+-----
Axes           | 3 5 7 8 11 12 13 15 17 19 | 19.0
Armour         | 4 6 8 9 10 11 13 14 16 | 16.2
Shields        | 4 6 8 9 10 11 13 14 16 | 16.2
Invocations    | 3 13 | 13.7
Fighting       | |  2.6

Action                   |  1- 3 |  4- 6 |  7- 9 | 10-12 || total
-------------------------+-------+-------+-------+-------++-------
Melee: War axe           |    34 |       |   132 |   216 ||   382
       Hand axe          |     9 |    68 |    62 |       ||   139
Invok: Lesser Servant of |       |       |     3 |       ||     3
       Minor Destruction |       |       |     1 |       ||     1
       Greater Servant o |       |       |       |     3 ||     3
  Use: Potion            |       |       |     3 |     7 ||    10
       Scroll            |       |       |     1 |       ||     1
 Stab: Distracted        |       |       |       |     2 ||     2
  Eat: Ration            |       |       |     1 |     1 ||     2
       Chunk             |       |       |     1 |     2 ||     3
Armor: Scale mail        |     6 |       |       |       ||     6
       Plate armour      |     7 |    46 |    36 |    85 ||   174
Dodge: Dodged            |    10 |     8 |    28 |    62 ||   108
Block: Shield            |    21 |    35 |    74 |   155 ||   285
